 Dungeon Crawl Stone Soup version 0.31-a0-278-g485e682e34 (webtiles) character file.

Game seed: 8162643461908104792

187 AdnanSaban the Covered (level 5, -10/33 HPs)
             Began as a Gargoyle Fighter on July 15, 2023.
             Was an Initiate of Trog.
             Killed from afar by Ijyb (17 damage)
             ... with a bolt of acid
             ... on level 3 of the Dungeon.
             The game lasted 00:02:43 (2284 turns).

AdnanSaban the Covered (Gargoyle Fighter)           Turns: 2284, Time: 00:02:43

Health: -10/33     AC: 15    Str: 21    XL:     5   Next: 66%
Magic:  5/5        EV:  6    Int:  9    God:    Trog [......]
Gold:   134        SH:  5    Dex: 15    Spells: 4/4 levels left

rFire   . . .        a - +0 flail
rCold   . . .        c - +0 buckler
rNeg    + . .        u - +0 plate armour
rPois   ∞            (no helmet)
rElec   +            k - +2 cloak
rCorr   .            (no gloves)
SInv    .            (no boots)
Will    .....        l - amulet of the acrobat Stlth
                     j - +6 ring of dexterity
HPRegen 0.25/turn    (no ring)
MPRegen 0.09/turn

%: acrobat
@: corroded
A: sickness immunity, AC +4, negative energy resistance 1, electricity
resistance, torment resistance 1, petrification resistance
a: Renounce Religion


You were on level 3 of the Dungeon.
You worshipped Trog.
Trog was noncommittal.
You visited 1 branch of the dungeon, and saw 3 of its levels.

You collected 134 gold pieces.

Inventory:

Hand Weapons
 a - a +0 flail (weapon)
Missiles
 p - a throwing net
Armour
 c - a +0 buckler (worn)
 k - a +2 cloak (worn)
 u - a +0 plate armour (worn)
Jewellery
 j - a +6 ring of dexterity (left hand)
 l - an amulet of the acrobat (around neck)
Wands
 r - a wand of acid (7)
Scrolls
 g - 2 scrolls of fear {unknown}
 h - 3 scrolls of identify {unknown}
 i - 2 scrolls of poison {unknown}
 m - a scroll of immolation {unknown}
 n - a scroll of enchant weapon {unknown}
 q - a scroll of noise {unknown}
 s - a scroll of amnesia {unknown}
Potions
 b - a potion of enlightenment {unknown}
 d - a potion of might
 e - a potion of curing {unknown}
 f - a potion of lignification {unknown}
 o - a potion of degeneration {unknown}
 t - 2 potions of attraction {unknown}


   Skills:
 + Level 4.2 Fighting
 + Level 3.7 Maces & Flails
 + Level 4.4 Armour
 + Level 0.2 Stealth
 + Level 4.1 Shields


You had 4 spell levels left.
You didn't know any spells.
Your spell library contained the following spells:

 Spells                   Type           Power      Damage    Failure   Level
 Call Canine Familiar     Summ           0%         N/A       100%        3
 Portal Projectile        Hex/Tloc       0%         N/A       100%        3
 Leda's Liquefaction      Hex/Erth       0%         N/A       100%        4


Dungeon Overview and Level Annotations

Branches:
Dungeon (3/15)

Altars:
Trog

Annotations:
D:3 Ijyb


Innate Abilities, Weirdness & Mutations

You are immune to sickness and miasma.
Your stone body is resilient. (AC +4)
You are immune to poison.
You resist negative energy. (rN+)
You are resistant to electric shocks. (rElec)
You are resistant to unholy torment.
You are immune to petrification.


Message History

You hit Ijyb.
Ijyb is moderately wounded.
You block Ijyb's attack.
You hit Ijyb.
Ijyb is heavily wounded.
Ijyb hits you with a +2 dagger of flaming.
Ijyb burns you.
Ijyb zaps a wand.
The bolt of acid hits you! The acid corrodes you!
You are too injured to fight recklessly!
You are too injured to fight recklessly!
You are too injured to fight recklessly!
You are too injured to fight recklessly!
You are too injured to fight recklessly!
You are too injured to fight recklessly!
You are too injured to fight recklessly!
You are too injured to fight recklessly!
You are too injured to fight recklessly!
You closely miss Ijyb.
Ijyb is heavily wounded.
Ijyb hits you with a +2 dagger of flaming.
* * * LOW HITPOINT WARNING * * *
Ijyb burns you.
* * * LOW HITPOINT WARNING * * *
You sock Ijyb!
Ijyb is severely wounded.
Ijyb barely misses you.
You barely miss Ijyb.
Ijyb is severely wounded.
Ijyb hits you but does no damage.
You barely miss Ijyb.
Ijyb is severely wounded.
Ijyb hits you but does no damage. x2
You closely miss Ijyb.
Ijyb is severely wounded.
Ijyb hits you but does no damage.
You closely miss Ijyb.
Ijyb is severely wounded.
Ijyb zaps a wand.
The bolt of acid hits you!
Ouch! That really hurt!
You die...

..............##...#...##
......###.#....†.........
......# #.##..###..##.###
#####.# #.##..# #..# #.#
#.##..###..# #..
...........# .#
#....###..##.#.#..##
#....+..............
..###....@.....##
#....g.#...#
#........#.....
#####.#.........
#.#..#...... #.#........
#..... .# #.###.#


You could see Ijyb.

Vanquished Creatures
  A scorpion (D:3)
  An orc priest (D:3)
  3 gnolls (D:2)
  2 adders (D:2)
  3 dart slugs (D:1)
  2 orcs (D:3)
  5 bats (D:1)
  3 endoplasms (D:2)
  3 giant cockroaches
  3 goblins
  4 hobgoblins
  7 kobolds
  A quokka (D:1)
  4 ball pythons
  A frilled lizard (D:1)
  6 rats
49 creatures vanquished.

Notes
Turn   | Place    | Note
-------+----------+-------------------------------------------
     0 | D:1      | AdnanSaban the Gargoyle Fighter began the quest for the
                  | Orb.
     0 | D:1      | Reached XP level 1. HP: 14/14 MP: 1/1
   126 | D:1      | Reached XP level 2. HP: 17/19 MP: 2/2
   773 | D:1      | Reached XP level 3. HP: 20/24 MP: 3/3
  1309 | D:2      | Found a bloodstained altar of Trog.
  1388 | D:2      | Became a worshipper of Trog the Wrathful
  1536 | D:2      | Reached XP level 4. HP: 24/29 MP: 4/4
  2026 | D:3      | Reached XP level 5. HP: 21/33 MP: 5/5
  2267 | D:3      | Noticed Ijyb
  2284 | D:3      | Killed from afar by Ijyb

Illustrated notes

Levels and vault maps discovered:
D:1:      dpeg_arrival_tiny_h, layout_loops_corners
D:2:      layout_basic, basic_altar
D:3:      layout_basic, serial_shops, nicolae_lakefront_shop, uniq_ijyb

Skill      XL: |  1  2  3  4 |
---------------+-------------+-----
Fighting       | 4 |  4.2
Armour         | 4 |  4.4
Maces & Flails | 3 |  3.7
Shields        | 4 |  4.1
Stealth        | |  0.2

Action                     |  1- 3 |  4- 6 || total
---------------------------+-------+-------++-------
  Melee: Flail             |   122 |    80 ||   202
 Armour: Scale mail        |    64 |    24 ||    88
         Plate armour      |       |    16 ||    16
  Dodge: Dodged            |    64 |    35 ||    99
  Block: Buckler           |    24 |    23 ||    47

Table legend: (Time is in decaauts)
 A = Elapsed time spent in this place.
 B = Non-inter-level travel time spent in this place.
 C = Inter-level travel time spent in this place.
 D = Time resting spent in this place.
 E = Time spent auto-exploring this place.
 F = Levels seen in this place.
 G = Mean time per level.
                   A        B        C        D        E       F      G
               +--------+--------+--------+--------+--------+-----+--------+
         Total |   2342 |   2265 |     77 |      0 |   1803 |   3 |  780.7 |
       Dungeon |   2342 |   2265 |     77 |      0 |   1803 |   3 |  780.7 |
               +--------+--------+--------+--------+--------+-----+--------+

Top non-repeatable levels by time:
     D:1: 1036 daAuts
     D:2: 952 daAuts
     D:3: 353 daAuts
